Map: Blackpink LE

Players

SpeCial

  • Race: Terran Terran
  • League: Master
  • Spawn Location: 7:00

JonSnow - Winner!

  • Race: Zerg Zerg
  • League: Master
  • Spawn Location: 1:00

VOD

Have the link to the VOD?

Description

Time

  • Played on: Feb. 3, 2018, 4:16 p.m.
  • Length: 21:58
Show
View Real Time Build Order
Export as new Build Order

SpeCial Terran 

Build Orders: Gas First Reaper Expand, Hellion Opening, Reaper Expand, Mech 

Get SALT Encoding   

  12  0:01  SCV  
  13  0:13  SCV  
  14  0:18  Supply Depot  
  14  0:25  SCV  
  15  0:29  Refinery  
  15  0:40  SCV  
  16  0:44  Barracks  
  16  0:52  SCV  
  17  1:04  SCV  
  18  1:16  SCV  
  19  1:32  Reaper  
  20  1:33  Orbital Command  
  20  1:41  Command Center  
  20  1:51  Factory  
  20  1:58  SCV  
  21  2:08  Barracks Reactor  
  21  2:11  SCV  
  21  2:15  Supply Depot  
  22  2:18  Refinery  
  22  2:23  SCV  
  23  2:37  SCV  
  24  2:39  Ghost Academy  
  24  2:48  Hellion  
  24  2:49  SCV, Hellion  
  29  2:55  Orbital Command, Barracks Tech Lab  
  29  3:01  SCV  
  30  3:10  Hellion x2  
  34  3:13  SCV  
  34  3:17  Ghost  
  37  3:21  SCV  
  37  3:25  SCV  
  39  3:29  Supply Depot  
  41  3:34  Hellion  
  41  3:37  Hellion  
  41  3:40  SCV x2  
  45  3:50  Ghost  
  45  3:52  SCV x2  
  49  3:57  Supply Depot  
  49  4:01  Hellion  
  50  4:06  SCV  
  50  4:08  SCV  
  51  4:18  SCV  
  51  4:20  Ghost, SCV  
  55  4:25  Armory  
  55  4:32  Supply Depot  
  55  4:34  SCV x2  
  55  4:37  Cyclone  
  60  4:48  SCV x2  
  62  4:54  Cyclone  
  62  4:57  Command Center  
  65  5:02  SCV  
  65  5:03  SCV  
  66  5:09  Refinery  
  66  5:10  Supply Depot, Refinery  
  66  5:12  Hellion  
  68  5:16  SCV x2  
  68  5:19  Terran Vehicle Weapons Level 1  
  70  5:31  SCV x2  
  70  5:32  Hellion  
  74  5:36  Supply Depot  
  74  5:37  Hellion  
  74  5:42  Factory  
  76  5:43  SCV  
  76  5:44  SCV  
  78  5:50  Factory  
  78  5:55  Hellion  
  78  5:56  SCV x2  
  74  6:01  Hellion  
  58  6:08  SCV x2, Barracks Tech Lab  
  58  6:10  Orbital Command  
  60  6:16  Hellion  
  62  6:20  SCV x2  
  62  6:21  Starport  
  64  6:28  Siege Tank  
  64  6:31  Orbital Command  
  64  6:32  SCV x2  
  68  6:33  Hellion  
  68  6:34  Barracks Reactor  
  68  6:37  Hellion  
  73  6:44  SCV  
  73  6:45  Supply Depot, SCV  
  73  6:46  Siege Tank  
  78  6:53  Armory  
  78  6:56  Refinery  
  78  6:57  SCV x2, Hellion, Refinery  
  78  6:58  SCV  
  83  7:02  Thor  
  83  7:06  Hellion  
  91  7:09  SCV x2  
  92  7:18  Hellion  
  94  7:27  SCV x2  
  94  7:28  Hellion  
  80  7:30  Marine x2  
  80  7:33  Orbital Command  
  74  7:39  Siege Tank  
  45  7:45  SCV x2  
  45  7:47  Orbital Command  
  45  7:54  Hellion x2, Siege Tank  
  45  7:57  SCV  
  53  8:09  Engineering Bay  
  53  8:12  SCV x2  
  54  8:14  Hellion x5  
  54  8:21  Viking  
  54  8:24  SCV  
  54  8:26  Siege Tank, Thor  
  60  8:27  Viking  
  60  8:29  SCV  
  60  8:33  SCV  
  64  8:38  SCV  
  65  8:47  Hellion x2, Siege Tank  
  64  8:54  SCV x2  
  65  9:00  SCV  
  63  9:06  Siege Tank  
  63  9:09  Hellion x2, SCV  
  71  9:10  SCV  
  72  9:20  Siege Tank  
  72  9:22  Hellion  
  72  9:23  Hellion x2, SCV x2  
  75  9:28  SCV  
  76  9:35  Hellion x2, SCV x2  
  82  9:40  Siege Tank  
  85  9:48  SCV  
  85  9:49  Infernal Pre-Igniter, Supply Depot  
  85  9:51  SCV  
  87  9:53  SCV  
  88  10:02  SCV  
  88  10:03  SCV  
  88  10:05  SCV  
  91  10:08  Supply Depot, Orbital Command  
  91  10:12  Supply Depot  
  92  10:14  SCV  
  92  10:15  SCV  
  92  10:18  Thor  
  99  10:22  SCV  
  99  10:27  SCV  
  101  10:30  Viking  
  101  10:33  Supply Depot  
  101  10:35  SCV x2  
  105  10:40  SCV, Hellion  
  106  10:47  SCV  
  106  10:48  Siege Tank  
  100  10:51  Terran Vehicle Weapons Level 2  
  100  10:56  SCV  
  100  10:57  SCV  
  101  11:01  Siege Tank  
  101  11:02  Factory  
  104  11:05  SCV  
  104  11:09  SCV  
  106  11:11  Hellion x2  
  106  11:14  SCV  
  106  11:17  SCV  
  110  11:22  SCV, Factory  
  111  11:27  SCV  
  111  11:29  SCV  
  111  11:30  Starport Reactor, Supply Depot, Refinery  
  113  11:34  Supply Depot, SCV  
  113  11:35  Hellion x2  
  113  11:37  Siege Tank  
  113  11:39  SCV  
  122  11:42  Siege Tank  
  125  11:50  Supply Depot  
  125  11:52  Supply Depot, Factory Tech Lab  
  125  11:54  Liberator  
  125  11:55  Liberator  
  125  11:56  Hellion  
  125  11:57  Hellion  
  129  12:01  Supply Depot  
  129  12:15  Hellion x2  
  135  12:18  Hellion x2, Siege Tank x2  
  135  12:22  Siege Tank  
  142  12:36  Hellion x2  
  142  12:39  Hellion x2  
  142  12:43  Liberator  
  142  12:44  Liberator  
  146  12:49  Command Center  
  146  12:50  Siege Tank x2  
  152  12:54  Siege Tank  
  152  12:58  Hellion x2  
  157  13:01  Hellion  
  165  13:10  Engineering Bay  
  165  13:14  SCV  
  165  13:15  SCV x2  
  165  13:19  Supply Depot  
  158  13:21  Supply Depot  
  158  13:26  SCV  
  156  13:27  SCV  
  156  13:29  Refinery  
  156  13:33  SCV  
  155  13:39  SCV x2  
  157  13:43  Hellion x3  
  157  13:44  Hellion  
  157  13:45  SCV  
  166  13:51  SCV x2  
  166  13:52  Siege Tank  
  170  13:58  SCV  
  171  14:03  SCV  
  171  14:04  SCV  
  171  14:06  Terran Vehicle And Ship Armor Level 1  
  171  14:07  Liberator  
  171  14:09  Liberator  
  171  14:28  Hellion x2, Siege Tank  
  164  14:37  Planetary Fortress  
  158  14:47  SCV x2  
  158  14:50  Liberator  
  158  14:52  Liberator  
  160  14:53  Hellion x2  
  160  14:54  Hellion x2  
  168  15:01  Hellion x3  
  160  15:15  Hellion x3  
  135  15:27  SCV x2  
  131  15:29  Hellion x4  
  131  15:32  Liberator  
  131  15:34  Liberator  
  133  15:36  Hellion  
  133  15:46  Hellion x2  
  132  15:50  SCV  
  132  15:52  Hellion, Siege Tank  
  140  15:57  Hellion  
  120  16:08  Siege Tank  
  120  16:09  Hellion  
  113  16:15  Liberator  
  113  16:17  Starport x2, Liberator  
  110  16:25  Terran Vehicle And Ship Armor Level 2, Fusion Core  
  110  16:30  Hellion x4  
  114  16:33  Siege Tank x2  
  124  16:41  Siege Tank  
  124  16:44  SCV x3  
  124  16:45  SCV, Refinery  
  124  16:47  Liberator, Refinery  
  131  16:58  Liberator  
  131  17:00  Liberator  
  131  17:01  Hellion x4  
  139  17:04  Starport Tech Lab  
  139  17:05  SCV, Siege Tank x2  
  139  17:08  Orbital Command  
  144  17:13  Siege Tank  
  144  17:16  Liberator  
  144  17:17  SCV  
  145  17:24  Hellion x2  
  145  17:28  Hellion  
  145  17:29  Liberator  
  135  17:56  Hellion x3  
  135  17:57  Hellion x4  
  145  18:02  SCV x2  
  145  18:03  Advanced Ballistics  
  143  18:18  Missile Turret  
  143  18:20  Hellion x2, Siege Tank  
  143  18:21  Siege Tank  
  143  18:22  Orbital Command  
  143  18:23  Missile Turret, Liberator  
  149  18:30  Missile Turret  
  145  18:39  Hellion x2, SCV x2  
  145  18:51  Hellion  
  145  18:53  SCV  
  145  18:54  SCV  
  145  18:55  Hellion, Siege Tank  
  148  19:04  Hellion  
  150  19:11  Hellion  
  150  19:14  Siege Tank  
  151  19:19  SCV x3  
  151  19:20  Hellion  
  139  19:24  Supply Depot  
  139  19:26  Supply Depot  
  139  19:31  Hellion x2, Siege Tank, SCV x3, Liberator  
  145  19:34  Hellion  
  145  19:37  Hellion  
  150  19:41  Hellion  
  152  19:46  Liberator x2  
  148  19:57  Liberator  
  121  20:08  Hellion x2  
  121  20:12  Hellion  
  119  20:17  SCV x3  
  120  20:22  Hellion  
  120  20:24  Siege Tank  
  125  20:29  Hellion x2  
  125  20:31  Cyclone  
  132  20:38  Hellion x2  
  136  20:50  Hellion x2  
  136  20:51  Hellion  
  136  20:56  Siege Tank  
  145  21:00  Hellion  
  131  21:04  Hellion x2  
  123  21:12  Hellion  
  120  21:25  Siege Tank  
  120  21:26  Siege Tank  
Show
View Real Time Build Order
Export as new Build Order

JonSnow Zerg - Winner!

Build Orders: Hatch First, Swarm Host 

Get SALT Encoding   

  12  0:01  Drone  
  13  0:14  Overlord  
  13  0:18  Drone  
  14  0:32  Drone x2  
  16  0:36  Drone  
  17  0:52  Hatchery  
  17  0:56  Drone  
  17  1:01  Drone  
  18  1:04  Extractor  
  17  1:13  Spawning Pool  
  17  1:18  Drone  
  17  1:21  Drone  
  18  1:30  Drone  
  19  1:42  Overlord  
  19  1:51  Drone  
  20  1:59  Queen  
  22  2:03  Queen  
  22  2:04  Zergling x4  
  22  2:08  Metabolic Boost  
  26  2:13  Drone  
  26  2:15  Drone  
  28  2:24  Drone  
  29  2:35  Hatchery  
  28  2:42  Drone x3  
  31  2:47  Overlord  
  31  2:52  Zergling x2  
  31  2:58  Zergling x4  
  34  3:12  Zergling x16  
  42  3:19  Queen  
  44  3:23  Overlord  
  43  3:42  Drone x6  
  43  3:43  Queen  
  51  3:52  Drone x4  
  51  3:53  Drone  
  56  3:58  Drone  
  56  3:59  Drone  
  55  4:12  Drone x3  
  55  4:14  Lair  
  55  4:16  Extractor x2  
  56  4:20  Spore Crawler  
  56  4:21  Queen  
  56  4:23  Drone  
  58  4:24  Overlord  
  58  4:31  Overlord  
  58  4:32  Baneling Nest  
  58  4:37  Overlord  
  58  4:38  Overlord  
  57  4:43  Overlord  
  57  4:51  Zergling x16  
  65  4:57  Spore Crawler  
  63  5:02  Zergling x8  
  63  5:05  Pneumatized Carapace  
  64  5:11  Overseer  
  64  5:13  Zergling x8  
  68  5:16  Baneling x3  
  68  5:22  Baneling  
  68  5:27  Evolution Chamber  
  67  5:30  Baneling  
  67  5:31  Queen, Baneling  
  67  5:32  Queen  
  71  5:38  Zergling x4  
  71  5:39  Zergling x4  
  74  5:49  Queen  
  69  5:59  Zergling x2  
  69  6:00  Zergling x16  
  70  6:09  Queen  
  72  6:13  Baneling x3  
  72  6:14  Baneling x2  
  72  6:15  Baneling  
  72  6:20  Baneling  
  72  6:22  Zergling x6  
  75  6:39  Zergling x18  
  84  6:43  Zergling x2  
  84  6:44  Zergling x4  
  87  6:49  Zergling x6  
  90  6:56  Baneling x9  
  90  7:01  Overlord  
  90  7:04  Baneling x3  
  89  7:11  Baneling x2  
  78  7:26  Zergling x24  
  78  7:34  Zergling x2  
  76  7:42  Zergling x6  
  65  7:50  Zergling x4  
  62  7:54  Queen  
  62  7:55  Queen x2  
  62  7:56  Zergling x2  
  64  7:59  Zergling x4  
  64  8:03  Baneling x7  
  66  8:13  Baneling x9  
  66  8:15  Zergling x2  
  66  8:16  Zergling x2  
  68  8:24  Baneling  
  68  8:25  Baneling  
  68  8:33  Zergling x16  
  62  8:49  Zergling x12  
  59  9:01  Drone  
  59  9:02  Drone x4  
  64  9:06  Hydralisk Den  
  64  9:07  Extractor x2  
  60  9:11  Drone x2  
  60  9:12  Drone x2  
  63  9:22  Drone x5  
  65  9:27  Drone x3  
  66  9:40  Overlord x2  
  66  9:52  Centrifical Hooks, Grooved Spines  
  66  9:53  Zerg Missile Weapons Level 1  
  66  9:54  Overlord x2  
  66  10:01  Hydralisk x3  
  72  10:07  Baneling x3  
  72  10:10  Drone x2  
  72  10:12  Drone  
  72  10:14  Queen  
  75  10:15  Extractor  
  75  10:18  Hydralisk x2  
  79  10:23  Hydralisk  
  79  10:24  Zergling x2  
  79  10:25  Zergling x6  
  85  10:33  Drone x3  
  85  10:34  Drone  
  89  10:35  Zergling x2  
  89  10:46  Overlord x2  
  88  10:50  Overlord  
  87  10:59  Overlord  
  87  11:03  Hatchery  
  86  11:04  Infestation Pit  
  86  11:11  Hydralisk x5  
  84  11:16  Muscular Augments  
  94  11:20  Drone x3  
  94  11:21  Drone x3  
  94  11:24  Drone x2  
  101  11:26  Drone  
  101  11:27  Drone  
  103  11:36  Drone x5  
  103  11:37  Overlord  
  107  11:43  Baneling  
  107  11:44  Baneling x2  
  107  11:46  Overlord  
  107  11:47  Overlord  
  107  11:58  Zerg Missile Weapons Level 2, Swarm Host x2  
  113  12:08  Swarm Host x4  
  112  12:11  Drone  
  112  12:12  Drone  
  125  12:16  Swarm Host  
  125  12:17  Swarm Host  
  125  12:20  Baneling  
  125  12:21  Baneling  
  130  12:31  Swarm Host x4  
  142  12:37  Spine Crawler  
  142  12:38  Drone  
  142  12:41  Drone  
  143  12:50  Zergling x2  
  144  12:52  Overlord x4, Hatchery  
  143  13:02  Overlord x2  
  143  13:06  Baneling x4  
  143  13:12  Swarm Host  
  143  13:13  Swarm Host x3  
  155  13:20  Zergling x2  
  155  13:21  Zergling x8  
  160  13:29  Hive  
  160  13:33  Hydralisk  
  160  13:34  Hydralisk  
  148  13:35  Zergling x4  
  148  13:38  Overlord  
  154  13:45  Swarm Host x2  
  160  13:54  Swarm Host x3  
  169  13:58  Overlord  
  169  14:00  Drone x2  
  170  14:16  Hatchery  
  163  14:28  Hydralisk  
  163  14:29  Hydralisk x8  
  181  14:34  Hydralisk x2  
  181  14:35  Zergling x2  
  182  14:40  Baneling x10  
  181  14:46  Viper x2  
  181  14:50  Hydralisk x3  
  181  14:52  Zergling x2  
  194  14:56  Baneling x6  
  194  15:01  Zergling x10  
  198  15:08  Zergling x8  
  198  15:13  Hydralisk x4  
  184  15:17  Hydralisk  
  184  15:20  Hydralisk  
  169  15:25  Hydralisk x3  
  169  15:28  Queen  
  171  15:31  Hydralisk x2  
  171  15:33  Zergling x2  
  172  15:37  Hydralisk  
  172  15:38  Hydralisk  
  172  15:39  Zergling x2  
  171  15:44  Hydralisk x3  
  171  15:46  Overseer  
  171  15:48  Hydralisk  
  171  15:49  Zergling x2  
  176  15:53  Hydralisk x2  
  166  16:04  Hydralisk x5  
  166  16:07  Hydralisk  
  166  16:08  Zergling x2  
  166  16:09  Zergling x2  
  168  16:14  Hydralisk  
  168  16:15  Hydralisk x2  
  174  16:23  Hydralisk  
  174  16:24  Hydralisk x2  
  174  16:25  Zergling x4  
  180  16:30  Hydralisk  
  180  16:31  Hydralisk  
  180  16:32  Zergling x4  
  185  16:45  Swarm Host x3  
  194  16:50  Zergling x12  
  199  17:04  Zergling x2  
  200  17:10  Hydralisk  
  200  17:11  Zergling x2  
  190  17:29  Hydralisk x9  
  180  17:36  Spine Crawler, Extractor  
  180  17:37  Extractor  
  193  17:39  Hydralisk  
  193  17:40  Hydralisk  
  193  17:44  Spine Crawler  
  184  17:55  Viper  
  184  17:56  Viper  
  184  17:58  Zergling x12, Hatchery  
  195  18:05  Extractor, Hydralisk x3  
  199  18:06  Extractor, Zergling x2  
  199  18:08  Zerg Missile Weapons Level 3  
  194  18:25  Zergling x12  
  200  18:33  Hydralisk  
  199  18:34  Zergling x2  
  198  18:45  Drone x2  
  200  18:49  Extractor  
  200  18:51  Extractor  
  200  18:52  Baneling x5  
  198  18:57  Drone x2  
  198  19:02  Drone  
  198  19:03  Drone x2  
  191  19:12  Drone x3  
  181  19:17  Hydralisk x6  
  181  19:21  Drone  
  192  19:24  Drone  
  192  19:29  Hydralisk x3  
  199  19:40  Spire  
  194  20:04  Hydralisk x12  
  187  20:15  Zergling x6  
  187  20:17  Zergling x2  
  187  20:18  Zergling x8  
  195  20:37  Drone x2  
  195  20:38  Drone, Spire  
  195  20:39  Drone x3  
  198  21:17  Drone x5  
Tags
 
Add a new tag
Caveats
  • Supply blocks, unpowered buildings, or Contaminate may cause inaccurate times.
  • Supply counts are checked every 10 seconds.